Construct Section Command Post
Selects Australian Defense Battlegroup
Selects Australian Light Infantry Section
Australian Light Infantry Section
Australian Light Infantry Section
Construct Platoon Command Post
Selects 2-pounder Anti-tank Gun Team
Construct Field Infirmary
2-pounder Anti-tank Gun Team
Unlock Bishop Self-propelled Artillery
Selects Vehicle Over Repair
Australian Light Infantry Section
Selects CMP 15cwt Supply Run
Bishop Self-propelled Artillery
2-pounder Anti-tank Gun Team